 Dungeon Crawl Stone Soup version 0.28.0-43-g3370ac3207 (webtiles) character file.

Game seed: 10994968656827329709

58 croobank the Sneak (level 4, -3/27 HPs)
             Began as an Octopode Fire Elementalist on Mar 5, 2022.
             Slain by a hobgoblin (6 damage)
             ... led by Robin
             ... on level 2 of the Dungeon.
             The game lasted 00:03:48 (1135 turns).

croobank the Sneak (Octopode Fire Elementalist)     Turns: 1135, Time: 00:03:49

Health: -3/27      AC:  1    Str:  7    XL:     4   Next: 2%
Magic:  6/7        EV: 17    Int: 19    God:
Gold:   84         SH:  0    Dex: 12    Spells: 0/7 levels left

rFire   . . .      SeeInvis .   g - +0 short sword (holy)
rCold   . . .      Faith    .   (no shield)
rNeg    . . .      Spirit   .   (helmet restricted)
rPois   .          Reflect  .   (no amulet)
rElec   .          Harm     .   h - +4 ring of evasion
rCorr   .          Rampage  .   (no ring)
Will    .....                   (no ring)
Stlth   +++.......              (no ring)
HPRegen 0.09/turn               (no ring)
MPRegen 0.10/turn               (no ring)
                                (no ring)
                                (no ring)

@: about to teleport
A: almost no armour, amphibious, 8 rings, camouflage 1, gelatinous body 1,
(nimble swimmer 1), tentacles
a: no special abilities


You were on level 2 of the Dungeon.
You visited 1 branch of the dungeon, and saw 2 of its levels.

You collected 84 gold pieces.

Inventory:

Hand Weapons
 a - a +0 short sword
 c - a +0 flail
 e - a +0 hunting sling
 g - a +0 short sword of holy wrath (weapon)
Missiles
 b - 35 stones
 i - 43 arrows
Jewellery
 h - a +4 ring of evasion (left tentacle)
Scrolls
 f - 2 scrolls of teleportation
 j - a scroll of fear {unknown}
Potions
 d - a potion of curing


   Skills:
 + Level 2.5 Dodging
 + Level 3.6 Stealth
 + Level 2.4 Spellcasting
 + Level 1.8 Conjurations
 + Level 3.4 Fire Magic


You couldn't memorise any spells.
You knew the following spells:

 Your Spells              Type           Power      Damage    Failure   Level
a - Foxfire               Conj/Fire      48%        2x1d6     5%          1
b - Scorch                Fire           30%        2d7       6%          2
c - Flame Wave            Conj/Fire      12%        2d6       50%         4

Your spell library contained the following spells:

 Spells                   Type           Power      Damage    Failure   Level
 Conjure Flame            Conj/Fire      12%        6-21      17%         3
 Inner Flame              Hex/Fire       8%         N/A       24%         3


Dungeon Overview and Level Annotations

Branches:
Dungeon (2/15)

Altars:

Shops:
D:2 [

Annotations:
D:2 Robin


Innate Abilities, Weirdness & Mutations

You cannot wear most types of armour.
You are amphibious.
You can wear up to eight rings at the same time.
Your skin changes colour to match your surroundings (Stealth+).
Your rubbery body absorbs attacks. (AC +1, EV +1)
((You are camouflaged when in or above water. (Stealth+)))
You have tentacles for arms and can constrict up to eight enemies at once.


Message History

Robin shouts!
Robin throws the goblin at you!
A goblin comes into view. It is wielding a +0 club.
The goblin moves out of view.
The goblin shouts!
The hobgoblin shouts!
The goblin shouts!
You hear a shout!
The goblin hits you with a +0 club.
The adder hisses angrily.
Robin throws the goblin at you! The goblin hits you with a +0 club.
The goblin misses you. The goblin misses you.
The goblin hits you with a +0 club. The goblin closely misses you.
The goblin completely misses you.
A goblin comes into view. It is wielding a +0 club.
The adder bites you. The goblin closely misses you. The goblin misses you.
A goblin comes into view. It is wielding a +0 club.
The adder bites you.
You are poisoned.
The adder poisons you!
You feel sick.
Robin roars a battlecry!
The goblins go into a battle-frenzy!
The adder bites you.
* * * LOW HITPOINT WARNING * * *
You are lethally poisoned!
The adder poisons you!
You feel better. The adder completely misses you.
Robin throws the goblin at you! The goblin hits you with a +0 club.
The goblin misses you. The goblin completely misses you.
The hobgoblin hits you.
A goblin comes into view. It is wielding a +0 club.
The adder barely misses you.
As you read the scroll of teleportation, it crumbles to dust.
You feel strangely unstable.
A goblin comes into view. It is wielding a +0 club.
The goblin hits you with a +0 club.
* * * LOW HITPOINT WARNING * * *
The adder misses you. The goblin hits you with a +0 club.
* * * LOW HITPOINT WARNING * * *
The hobgoblin hits you.
You die...

###########################
......<............[......#
........################.##
#######.########## #.#
#...g......# ####.#
#...gg.....# #..#.#
#...S@g....# #..#.###
.......gg.....# #...)...
..g..g...g.....# ##.#.###
..............=.# ##+#.###
..(g...#####...... #.......
.......# ...... #.......
..##.#. ...... #....... #.
...... ##.#.### #.#.#


You could see Robin, an adder, 2 hobgoblins and 7 goblins.

Vanquished Creatures
  3 gnolls (D:1)
  An adder (D:2)
  2 dart slugs
  A bat (D:1)
  2 endoplasms
  2 giant cockroaches
  A hobgoblin (D:1)
  3 ball pythons (D:1)
  2 kobolds (D:1)
  4 rats
21 creatures vanquished.

Vanquished Creatures (others)
  49 foxfires
49 creatures vanquished.

Grand Total: 70 creatures vanquished

Notes
Turn   | Place    | Note
-------+----------+-------------------------------------------
     0 | D:1      | croobank the Octopode Fire Elementalist began the quest for
                  | the Orb.
     0 | D:1      | Reached XP level 1. HP: 11/11 MP: 3/3
   222 | D:1      | Reached XP level 2. HP: 17/17 MP: 0/5
   225 | D:1      | Learned a level 2 spell: Scorch
   396 | D:1      | Reached XP level 3. HP: 14/21 MP: 1/6
   635 | D:1      | Found a faded altar of an unknown god.
  1000 | D:2      | Reached XP level 4. HP: 27/27 MP: 3/7
  1005 | D:2      | Learned a level 4 spell: Flame Wave
  1033 | D:2      | Found Saerarel's Armour Shop.
  1127 | D:2      | Noticed Robin
  1135 | D:2      | Slain by a hobgoblin

Illustrated notes

Levels and vault maps discovered:
D:1:      amcnicky_arrival_single_pillar, layout_rooms,
          shapermc_ecumenical_altar_mp_urbaneastern, minmay_misc_feat_hallway
D:2:      layout_basic, serial_shops, nicolae_shop_trees, nicolae_shop_stone,
          minivault_11, minmay_misc_feat_chi, uniq_robin

Skill      XL: |  1  2 |
---------------+-------+-----
Stealth        | 3 |  3.6
Dodging        | |  2.5
Spellcasting   | |  2.4
Conjurations   | |  1.8
Fire Magic     | |  3.4

Action                   |  1- 3 |  4- 6 || total
-------------------------+-------+-------++-------
Melee: Short sword       |     8 |       ||     8
       Tentacles         |     2 |       ||     2
       Constrict         |     2 |       ||     2
       Flail             |     3 |       ||     3
 Cast: Foxfire           |    25 |     3 ||    28
       Scorch            |     8 |       ||     8
  Use: Scroll            |     2 |     1 ||     3
       Potion            |       |     1 ||     1
Dodge: Dodged            |    14 |    11 ||    25
